 Dungeon Crawl Stone Soup version 0.29.0-4-gdea44cf6ec (webtiles) character file.

Game seed: 322273552216768404

100 qw the Chopper (level 4, -3/26 HPs)
             Began as a Tengu Warper on Aug 28, 2022.
             Slain by Natasha (4 damage)
             ... on level 2 of the Dungeon.
             The game lasted 00:00:11 (1805 turns).

qw the Chopper (Tengu Warper)                       Turns: 1805, Time: 00:00:12

Health: -3/26      AC:  5    Str: 14    XL:     4   Next: 73%
Magic:  8/8        EV: 11    Int: 11    God:
Gold:   52         SH:  0    Dex: 13    Spells: 7/7 levels left

rFire   . . .      SeeInvis .   Y - +0 hand axe
rCold   . . .      Faith    .   (no shield)
rNeg    . . .      Spirit   .   j - +0 ring mail
rPois   .          Reflect  .   (helmet restricted)
rElec   .          Harm     .   (no cloak)
rCorr   .          Rampage  .   (no gloves)
Will    .....                   (boots unavailable)
Stlth   +.........              (no amulet)
HPRegen 0.08/turn               (no ring)
MPRegen 0.11/turn               (no ring)

@: lethally poisoned (-3 -> -4)
A: beak, talons 3, deterioration 1, dopey 1, MP-powered wands
a: no special abilities


You were on level 2 of the Dungeon.
You visited 1 branch of the dungeon, and saw 2 of its levels.

You collected 52 gold pieces.


Innate Abilities, Weirdness & Mutations

You have a beak for a mouth.
You have claws for feet.
Your body sometimes deteriorates upon taking damage.
You are dopey. (Int -2)
You expend magic power (3 MP) to strengthen your wands.


   Skills:
 - Level 2.0 Fighting
 + Level 5.2 Axes
 - Level 1.0 Throwing
 - Level 1.1 Armour
 - Level 2.1 Dodging
 - Level 2.0 Spellcasting
 - Level 2.4 Translocations


You had 7 spell levels left.
You didn't know any spells.
Your spell library contained the following spells:

 Spells                   Type           Power      Damage    Failure   Level
 Blink                    Tloc           12%        N/A       34%         2
 Gell's Gravitas          Tloc           6%         N/A       56%         3
 Lesser Beckoning         Tloc           6%         N/A       56%         3
 Teleport Other           Tloc           6%         N/A       56%         3
 Manifold Assault         Tloc           6%         N/A       99%         5

Inventory:

Hand Weapons
 f - a +0 flail
 Y - a +0 hand axe (weapon)
Armour
 j - a +0 ring mail (worn)
Scrolls
 a - a scroll of summoning {unknown}
Potions
 e - a potion of heal wounds {unknown}
 h - a potion of curing {unknown}
 i - 2 potions of mutation

Dungeon Overview and Level Annotations

Branches:
Dungeon (2/15)

Altars:

Annotations:
D:2 Natasha


Message History

The ball python grabs you. The ball python constricts you.
You hit the ball python.
You kill the ball python!
Found a ring mail.
Natasha, Servant of Life and Death comes into view.
Natasha hisses angrily.
Natasha stares at you and mumbles some strange words.
The magic dart hits you.
An adder comes into view.
Natasha stares at you and mumbles some strange words.
The magic dart hits you!
A kobold comes into view. It is wielding a +0 whip.
The kobold shouts!
Natasha claws you. The adder bites you but does no damage.
You hit Natasha.
Natasha is moderately wounded.
You miss the adder. Natasha misses you. The adder bites you.
You are poisoned.
The adder poisons you!
You hit Natasha but do no damage. Your kick misses Natasha.
Natasha is moderately wounded.
You miss the adder.
You feel sick. The adder bites you. Natasha barely misses you.
You hit Natasha. You claw Natasha. Your peck misses Natasha.
Natasha is moderately wounded.
You hit the adder but do no damage.
You feel sick. The adder barely misses you.
Natasha claws you but does no damage. The adder closely misses you.
You closely miss Natasha. You claw Natasha! You peck Natasha, but do no damage.
Natasha is almost dead.
You miss the adder.
You feel sick. Natasha barely misses you. The adder barely misses you.
You miss Natasha.
Natasha is almost dead.
You hit the kobold.
You kill the kobold!
You closely miss the adder.
You feel sick. Natasha claws you.
You die...

...# #.# #...# #.#
./.# #.# ###.###+#.#
...###'## #.%.....#
.####...######.......#
.# #...............$#
%####....#####.......#
....'...(# #.......#
..###%...# ##.....##
.[# #....# #.@...# ..#
#..........hS)[...#
..#
####............###
... ...........## .##
...<.......# ##
..........#
..........#
..........#


You could see Natasha and an adder.

Vanquished Creatures
  Jessica (D:2)
  Natasha (D:2)
  An adder (D:2)
  A dart slug (D:2)
  5 ball pythons
  4 bats
  An endoplasm (D:2)
  3 giant cockroaches
  A goblin (D:1)
  6 hobgoblins
  2 quokkas
  2 frilled lizards (D:1)
  6 kobolds
  6 rats (D:1)
40 creatures vanquished.

Notes
Turn   | Place    | Note
-------+----------+-------------------------------------------
     0 | D:1      | qw the Tengu Warper began the quest for the Orb.
     0 | D:1      | Reached XP level 1. HP: 12/12 MP: 4/4
     0 | D:1      | 0 ||| qw: Version: 0.1-a-89-g26bdef1
     0 | D:1      | 0 ||| qw: Game counter: 1936
     0 | D:1      | 0 ||| qw: Always use a shield: true
     0 | D:1      | 0 ||| qw: God list: Okawaru
     0 | D:1      | 0 ||| qw: Allow faded altars: false
     0 | D:1      | 0 ||| qw: Do Orc after D:15 true
     0 | D:1      | 0 ||| qw: Do second Lair branch before Depths: true
     0 | D:1      | 0 ||| qw: Lair rune preference: random
     0 | D:1      | 0 ||| qw: Plans: Normal
     0 | D:1      | 0 ||| PLANNING D:1-11
   142 | D:1      | 142 ||| Stepping ~*~*~tactically~*~*~ (stealth).
   328 | D:1      | Reached skill level 3 in Axes
   328 | D:1      | Reached XP level 2. HP: 17/17 MP: 6/6
   374 | D:1      | 374 ||| Stepping ~*~*~tactically~*~*~ (stealth).
   377 | D:1      | 377 ||| Stepping ~*~*~tactically~*~*~ (stealth).
   527 | D:1      | Found a faded altar of an unknown god.
   871 | D:1      | Reached XP level 3. HP: 21/21 MP: 7/7
  1080 | D:1      | 1080 ||| UPGRADING to +0 ring mail.
  1090 | D:1      | 1090 ||| DROPPING +0 leather armour.
  1091 | D:1      | 1091 ||| READING scroll labelled DORGHA XEDA.
  1092 | D:1      | 1092 ||| READING scroll labelled TAITUA MUD BEI.
  1096 | D:1      | 1096 ||| DRINKING 3 pink potions.
  1096 | D:1      | Gained mutation: Your body sometimes deteriorates upon
                  | taking damage. [potion of mutation]
  1096 | D:1      | Gained mutation: You are dopey. (Int -2) [potion of
                  | mutation]
  1096 | D:1      | Gained mutation: You expend magic power (3 MP) to
                  | strengthen your wands. [potion of mutation]
  1097 | D:1      | 1097 ||| DROPPING scroll of blinking.
  1105 | D:2      | Noticed Jessica
  1106 | D:2      | 1106 ||| STAIRDANCE
  1111 | D:2      | 1111 ||| STAIRDANCE
  1244 | D:2      | 1244 ||| STAIRDANCE
  1414 | D:2      | 1414 ||| STAIRDANCE
  1586 | D:2      | Reached skill level 4 in Axes
  1586 | D:2      | Killed Jessica
  1587 | D:2      | Reached XP level 4. HP: 24/26 MP: 8/8
  1587 | D:2      | 1587 ||| Stepping ~*~*~tactically~*~*~ (stealth).
  1611 | D:2      | 1611 ||| Stepping ~*~*~tactically~*~*~ (stealth).
  1669 | D:2      | 1669 ||| Stepping ~*~*~tactically~*~*~ (stealth).
  1776 | D:2      | Noticed Natasha
  1777 | D:2      | 1777 ||| Stepping ~*~*~tactically~*~*~ (hiding).
  1787 | D:2      | Killed Natasha
  1788 | D:2      | Reached skill level 5 in Axes
  1796 | D:2      | Noticed Natasha
  1802 | D:2      | HP: 6/26 [poisoned by an adder]
  1804 | D:2      | HP: 2/26 [poisoned by an adder]
  1805 | D:2      | Slain by Natasha

Levels and vault maps discovered:
D:1:      tarquinn_simple_flora_water_e, layout_basic,
          dilly_ecumenical_altar_fadedgnrine, serial_corexii_hall,
          corexii_hall_statues_x, corexii_hall_statues_u,
          corexii_hall_statues_deadend
D:2:      layout_basic, minmay_pentomino_p2, uniq_jessica, uniq_natasha

Skill      XL: |  1  2  3  4 |
---------------+-------------+-----
Axes           | 3 4 5 |  5.2
Fighting       | |  2.0
Throwing       | |  1.0
Armour         | |  1.1
Dodging        | |  2.1
Spellcasting   | |  2.0
Translocations | |  2.4

Action                   |  1- 3 |  4- 6 || total
-------------------------+-------+-------++-------
Melee: Hand axe          |    62 |    36 ||    98
       Kick              |    13 |    11 ||    24
       Peck              |     7 |     5 ||    12
       Punch             |     1 |     1 ||     2
Throw: Boomerang         |     7 |       ||     7
  Use: Scroll            |     2 |       ||     2
       Potion            |     1 |       ||     1
Armor: Leather armour    |    11 |       ||    11
       Ring mail         |     3 |    13 ||    16
Dodge: Dodged            |    28 |    23 ||    51

Table legend:
 A = Non-vault XP
 B = Vault XP
 C = Vault XP percentage of total XP
 D = Non-vault monster count
 E = Vault monster count
 F = Vault count percentage of total count
                 A         B        C        D         E       F
            +---------+---------+-------+---------+---------+-------
      Total |      74 |      70 |  48.6 |      38 |       2 |   5.0
            +---------+---------+-------+---------+---------+-------
        D:1 |      43 |       0 |   0.0 |      27 |       0 |   0.0
        D:2 |      31 |      70 |  69.3 |      11 |       2 |  15.4
            +---------+---------+-------+---------+---------+-------
